[Event "*** SCC Grand Prix: Titled Tuesday Blitz"]
[Site "Chess.com"]
[Date "2020.10.13"]
[Round "3"]
[White "Ramu_K_FM_FT"]
[Black "Falcon28dz"]
[Result "1-0"]
[WhiteElo "2101"]
[BlackElo "2282"]
[TimeControl "180+1"]
[EndTime "10:28:25 PDT"]
[Termination "Ramu_K_FM_FT won on time"]

1. e4 e6 2. d3 d5 3. Nd2 Nf6 4. Ngf3 Nc6 5. Be2 Bc5 6. O-O O-O 7. c3 a5 8. e5 Nd7 9. d4 Be7 10.
Ne1 f6 11. f4 b6 12. Rf2 fxe5 13. fxe5 Rxf2 14. Kxf2 Ndxe5 15. dxe5 Bc5+ 16. Kf1 Qh4 17. Nd3 Qxh2 18. Nxc5 Qh1+ 19. Kf2 Qh4+ 20. Kg1 bxc5 21.
Nf3 Qg3 22. Qa4 Bb7 23. Bf4 Qg4 24. Bb5 Rf8 25. Bh2 Qxa4 26. Bxa4 d4 27. cxd4 Nxd4 28. Nxd4 cxd4 29. Rd1 Bd5 30. Rxd4 Bxa2 31. b3 Bb1 32. Rc4 Bd3 33. Rf4 Rb8 34. Bg3 Bf5 35. Rd4 Rb7 36. Rd7 h6 37. Bf2 Kh7 38. Bc5 Kh8 39. Bf8 1-0

[Event "*** SCC Grand Prix: Titled Tuesday Blitz"]
[Site "Chess.com"]
[Date "2020.10.13"]
[Round "3"]
[White "Cayse"]
[Black "Hikaru"]
[Result "0-1"]
[WhiteElo "2735"]
[BlackElo "3211"]
[TimeControl "180+1"]
[EndTime "10:28:26 PDT"]
[Termination "Hikaru won on time"]

1. d4 g6 2. Nc3 Bg7 3. e4 a6 4. Bf4 b5 5. Nf3 d6 6. Qd2 Bb7 7. O-O-O Nd7 8. h4 h6 9. Kb1 c5 10. dxc5 Nxc5 11. Bd3 Nf6 12. e5 dxe5 13. Nxe5 Nxd3 14.
Nxd3 Bxg2 15. Rhg1 Bf3 16. Rde1 Rc8 17. Qe3 Ba8 18.
Be5 O-O 19. Rd1 Rxc3 20. bxc3 Qc8 21. Nf4 Ng4 22. Rxg4 Qxg4 23. Re1 f6 24. Bc7 e5 25. Nd3 Rc8 26. Ba5 Bd5 27. Qb6 Qxh4 28. Qxa6 Qc4 29. Nb4 Bf7 30. Re3 h5 31. Qb7 h4 32. Bb6 h3 33.
Rxh3 Qf1+ 34. Kb2 Qxh3 0-1

[Event "*** SCC Grand Prix: Titled Tuesday Blitz"]
[Site "Chess.com"]
[Date "2020.10.13"]
[Round "3"]
[White "allvim"]
[Black "FloMasterAAK"]
[Result "0-1"]
[WhiteElo "2309"]
[BlackElo "2539"]
[TimeControl "180+1"]
[EndTime "10:28:26 PDT"]
[Termination "FloMasterAAK won by resignation"]

1. e4 e5 2. Nf3 Nc6 3. Bc4 Nf6 4. O-O Be7 5. d4 exd4 6. Nxd4 Nxe4 7. Nf5 O-O 8. Qg4 Bg5 9. Qxe4 d5 10. Bxd5 Bxf5 11. Qxf5 Bxc1 12. Rxc1 Ne7 13. Qg4 Nxd5 14. Nd2 Nf6 15. Qf4 Re8 16. Nf3 Re4 17. Qg3 Qe7 18.
h3 Rd8 19. Rd1 Rxd1+ 20. Rxd1 h6 21. Rd3 Re2 22. Rc3 Ne4 23. Qxc7 Nxc3 24. Qxc3 Qd7 25. Qb3 Qd1+ 26. Kh2 Rxf2 27. Qe3 Qf1 28. Qe8+ Kh7 29.
Qe4+ g6 30. Qg4 Qe2 31. Qh4 Rxg2+ 0-1

[Event "*** SCC Grand Prix: Titled Tuesday Blitz"]
[Site "Chess.com"]
[Date "2020.10.13"]
[Round "3"]
[White "Evachess2006"]
[Black "Grieve72"]
[Result "0-1"]
[WhiteElo "1621"]
[BlackElo "2476"]
[TimeControl "180+1"]
[EndTime "10:28:26 PDT"]
[Termination "Grieve72 won on time"]

1. e4 g6 2. d4 Bg7 3. Nf3 c6 4. Be2 d5 5. e5 Bg4 6. h3 Bxf3 7.
Bxf3 e6 8. O-O h5 9. Nd2 h4 10. c4 Ne7 11. Qb3 Qb6 12. Qxb6 axb6 13. cxd5 cxd5 14. Nb3 Nbc6 15. Be3 Nf5 16. a3 Bh6 17.
Bxh6 Rxh6 18. Rfd1 Ra4 19. Rac1 Kd8 20. Kf1 Nfxd4 21.
Nxd4 Rxd4 22. Rxd4 Nxd4 23. Ke1 Nxf3+ 24. gxf3 Rh5 25.
Rc3 Rxe5+ 26. Kd2 Kd7 27. Rb3 Kc6 28. Rb4 g5 29. f4 gxf4 30. Rxf4 Rf5 31. Rxf5 exf5 32.
Ke3 Kd6 33. Kf4 Ke6 34. Kg5 d4 35. Kxh4 d3 36. Kg5 d2 37. h4 d1=Q 38. h5 Qg4+ 39. Kh6 Kf6 0-1

[Event "*** SCC Grand Prix: Titled Tuesday Blitz"]
[Site "Chess.com"]
[Date "2020.10.13"]
[Round "3"]
[White "GM_Levan_Pantsulaia"]
[Black "djano"]
[Result "1-0"]
[WhiteElo "2804"]
[BlackElo "2456"]
[TimeControl "180+1"]
[EndTime "10:28:31 PDT"]
[Termination "GM_Levan_Pantsulaia won by resignation"]

1. Nf3 g6 2. g3 Bg7 3. Bg2 Nf6 4. b3 O-O 5. Bb2 d6 6. d4 c5 7. c4 cxd4 8. Nxd4 Nc6 9. Nxc6 bxc6 10. Bxc6 Bh3 11.
Bxa8 Qxa8 12. f3 d5 13. Na3 dxc4 14. Nxc4 Rd8 15. Qc1 a5 16. a4 Qa7 17. Qe3 Qb8 18.
Kf2 Nd5 19. Qc5 Bxb2 20. Nxb2 Qxb3 21. Nd3 Nf6 22. Rhb1 Qe6 23. Nf4 Qf5 24. Qxf5 Bxf5 25. Rb5 Ra8 26. e4 Bd7 27. Rb7 e5 28. Nd3 Bc6 29.
Rc7 Be8 30. Nxe5 Rd8 31. Ke3 Rb8 32. Ra3 Rb1 33. Ra7 Re1+ 34. Kf2 Rb1 35. Rxa5 Rb2+ 36. Ke3 Rxh2 37. Ra8 Kg7 38. a5 Rb2 39. a6 Bb5 40. a7 Re2+ 41. Kd4 Rd2+ 42. Kc5 1-0

[Event "*** SCC Grand Prix: Titled Tuesday Blitz"]
[Site "Chess.com"]
[Date "2020.10.13"]
[Round "3"]
[White "Azerichess"]
[Black "W_Amadeus"]
[Result "1-0"]
[WhiteElo "2951"]
[BlackElo "2701"]
[TimeControl "180+1"]
[EndTime "10:28:33 PDT"]
[Termination "Azerichess won by resignation"]

1. d4 Nf6 2. c4 e6 3. Nc3 Bb4 4. Qc2 O-O 5. e4 d5 6. e5 Ne4 7. Bd3 c5 8. Nf3 cxd4 9. Nxd4 Nd7 10. Bf4 Qh4 11. g3 Qh5 12. O-O g5 13. cxd5 gxf4 14. dxe6 fxg3 15. hxg3 Nxc3 16. exd7 Bxd7 17. bxc3 Rac8 18.
Bf5 Bxc3 19. Bxd7 Bxa1 20. Bxc8 Bxd4 21. Bxb7 Qxe5 22. Kg2 Kg7 23. Rh1 h6 24. Rh4 Rb8 25. Rg4+ Kf8 26. Rf4 Bb6 27. Qc4 f6 28. Rg4 f5 29. Qg8+ Ke7 30. Qh7+ Kd6 31. Rg6+ Kc5 32. Bf3 Kb4 33. Qxh6 Qc5 34. Qd2+ Ka3 35. Rd6 f4 36.
Rd3+ 1-0

[Event "*** SCC Grand Prix: Titled Tuesday Blitz"]
[Site "Chess.com"]
[Date "2020.10.13"]
[Round "3"]
[White "BikingBrian"]
[Black "ural58"]
[Result "1-0"]
[WhiteElo "2212"]
[BlackElo "2337"]
[TimeControl "180+1"]
[EndTime "10:28:33 PDT"]
[Termination "BikingBrian won by resignation"]

1. d4 d5 2. Bf4 e6 3. e3 Bd6 4. Bg3 Qe7 5. Nf3 Bxg3 6. hxg3 Qb4+ 7. Nbd2 Qxb2 8. Bd3 Qa3 9. Ne5 Nf6 10. g4 Nbd7 11. f4 g6 12. g5 Nxe5 13. fxe5 Ne4 14. Nxe4 dxe4 15. Bxe4 Qxe3+ 16. Qe2 Qxe2+ 17. Kxe2 c6 18. Rab1 Kd7 19. Rbf1 Ke7 20. Rf3 Bd7 21. Rfh3 Rag8 22.
Rxh7 Rxh7 23. Rxh7 b6 24. c4 c5 25. d5 exd5 26.
cxd5 b5 27. e6 Be8 28. exf7 Bxf7 29. d6+ Kf8 30. Ke3 a5 31. Bc6 b4 32. d7 Ke7 33.
Rxf7+ Kxf7 34. Bd5+ Ke7 35. Bxg8 Kxd7 36. Bf7 a4 37. Bxg6 c4 38. Bf7 b3 39. Bxc4 b2 40. Bd3 Ke6 41. Kf4 a3 42. g4 Kf7 43. Kf5 Kg7 44. g6 Kg8 45. Kf6 Kh8 46. Kg5 Kg7 47.
Kh5 Kg8 48. Kh6 Kh8 49. g7+ Kg8 50. Bh7+ Kf7 51. g8=Q+ Kf6 52. Qg5+ 1-0

[Event "*** SCC Grand Prix: Titled Tuesday Blitz"]
[Site "Chess.com"]
[Date "2020.10.13"]
[Round "3"]
[White "shrek4life02"]
[Black "gmpeter008"]
[Result "1-0"]
[WhiteElo "2578"]
[BlackElo "2382"]
[TimeControl "180+1"]
[EndTime "10:28:34 PDT"]
[Termination "shrek4life02 won by resignation"]

1. d4 Nf6 2. Nc3 c5 3. d5 d6 4. e4 g6 5. Bb5+ Nbd7 6. f3 Bg7 7.
Nge2 O-O 8. Be3 Ne5 9. Ng3 a6 10. Be2 b5 11. Nb1 e6 12. O-O exd5 13. exd5 Re8 14.
Ne4 Bb7 15. c4 Nxe4 16. fxe4 Nxc4 17. Bxc4 bxc4 18. Nc3 f5 19. Qd2 Bxc3 20. Qxc3 Rxe4 21. Rad1 Qe7 22. Bf4 Re8 23. Qg3 Rd4 24. Bxd6 Qd7 25. Bxc5 Rxd1 26. Rxd1 Bxd5 27. Bb4 Qc6 28. Bc3 Be4 29.
Qf2 Bd3 30. Qd4 Qd7 31. Qxd7 1-0

[Event "*** SCC Grand Prix: Titled Tuesday Blitz"]
[Site "Chess.com"]
[Date "2020.10.13"]
[Round "3"]
[White "WildBizon"]
[Black "Jumbo"]
[Result "1-0"]
[WhiteElo "2619"]
[BlackElo "2793"]
[TimeControl "180+1"]
[EndTime "10:28:36 PDT"]
[Termination "WildBizon won by resignation"]

1. e4 c5 2. Nf3 d6 3. d4 cxd4 4. Nxd4 Nf6 5. Nc3 Nc6 6. Bg5 e6 7. Qd2 a6 8. O-O-O Bd7 9. f4 Be7 10. Nf3 b5 11. Bxf6 gxf6 12. f5 Qb6 13. Kb1 O-O-O 14.
g3 Kb8 15. fxe6 fxe6 16. Bh3 Na5 17. Nd4 b4 18. Nce2 d5 19. exd5 e5 20. Bxd7 Rxd7 21. Nf5 Bc5 22. Qd3 Rhd8 23. c4 bxc3 24. Nxc3 Bb4 25. d6 Bxc3 26. Qxc3 Rc8 27. Qe3 Qb7 28. Rhe1 Rc4 29. Qa3 Qb5 30. Ne7 Ra4 31.
Qc3 Rc4 32. Qa3 Ra4 33. Qd3 Nc4 34. Qb3 Rb4 35. Qxb4 1-0

[Event "*** SCC Grand Prix: Titled Tuesday Blitz"]
[Site "Chess.com"]
[Date "2020.10.13"]
[Round "3"]
[White "Rodalquilar"]
[Black "AIROPITO7"]
[Result "0-1"]
[WhiteElo "2755"]
[BlackElo "2547"]
[TimeControl "180+1"]
[EndTime "10:28:36 PDT"]
[Termination "AIROPITO7 won by checkmate"]

1. d4 Nf6 2. Bf4 e6 3. e3 c5 4. c3 Nc6 5. Nd2 d6 6. dxc5 e5 7. Bg5 dxc5 8. Ngf3 h6 9. Bxf6 Qxf6 10. Bb5 a6 11. Ne4 Qe6 12. Bxc6+ Qxc6 13. Ng3 Bd6 14.
O-O O-O 15. e4 b5 16. Nh4 Be6 17. Nhf5 Rfd8 18. Qg4 Bf8 19. Nxh6+ Kh8 20. Nhf5 g6 21. Qh4+ Kg8 22. Qg5 Kh7 23. Qh4+ Kg8 24. Ne7+ Bxe7 25. Qxe7 Qd6 26. Qg5 Qd2 27. Qxe5 Qxb2 28. h4 b4 29. Qxc5 bxc3 30. h5 Rac8 31. Qe5 Qb5 32. Qf6 Qe8 33.
hxg6 fxg6 34. Rac1 Qf7 35. Qe5 c2 36. f4 Qa7+ 37. Kh1 Kf7 38. Nh5 gxh5 39. f5 Bd7 40.
Qh2 Qe3 41. Qxh5+ Kf6 42. Qh4+ Ke5 43. Qe7+ Kd4 44. Qd6+ Kc3 45. Qa3+ Kd2 46. Rxc2+ Rxc2 47. Qa5+ Rc3 48. Qxd8 Ke2 49. Rg1 Qh6+ 50. Qh4 Qxh4# 0-1

[Event "*** SCC Grand Prix: Titled Tuesday Blitz"]
[Site "Chess.com"]
[Date "2020.10.13"]
[Round "3"]
[White "anpospan"]
[Black "davidkalashian"]
[Result "0-1"]
[WhiteElo "2369"]
[BlackElo "2570"]
[TimeControl "180+1"]
[EndTime "10:28:36 PDT"]
[Termination "davidkalashian won by resignation"]

1. Nf3 Nf6 2. g3 d5 3. Bg2 g6 4.
O-O Bg7 5. d4 O-O 6. Nbd2 c6 7.
Ne5 Bf5 8. c3 Nbd7 9. f4 Ne4 10.
Nxe4 Bxe4 11. Bxe4 dxe4 12. Qc2 Nf6 13. g4 Qd5 14. Be3 Rad8 15. c4 Qe6 16. f5 Qc8 17. g5 gxf5 18. gxf6 exf6 19. Nxc6 bxc6 20. Kh1 Kh8 21.
Rf2 Rg8 22. Raf1 f4 23. Bxf4 Qh3 24. Qxe4 f5 25. Qf3 Qxf3+ 26. Rxf3 Rxd4 27. Rg1 Rxc4 28. e3 Bxb2 29. Rxg8+ Kxg8 30. Rg3+ Kf8 31. Bd6+ Ke8 32. Rg7 Bxg7 0-1

[Event "*** SCC Grand Prix: Titled Tuesday Blitz"]
[Site "Chess.com"]
[Date "2020.10.13"]
[Round "3"]
[White "brunomorado"]
[Black "Kapibara_Warri0r"]
[Result "1-0"]
[WhiteElo "2307"]
[BlackElo "2084"]
[TimeControl "180+1"]
[EndTime "10:28:36 PDT"]
[Termination "brunomorado won on time"]

1. d4 Nf6 2. Nc3 d5 3. Bg5 Ne4 4. Nxe4 dxe4 5. e3 c5 6. c3 Qa5 7.
Bf4 g6 8. Be5 f6 9. Bxb8 Rxb8 10.
Qc2 f5 11. h4 Bg7 12. dxc5 Qxc5 13. Rd1 O-O 14. Qb3+ Kh8 15. h5 g5 16. h6 Bf6 17.
Bc4 f4 18. Rd5 Qc7 19. Ne2 Be6 20. exf4 b5 21. Bxb5 Bxd5 22. Qxd5 Qa5 23. a4 a6 24.
fxg5 Rfd8 25. Qxe4 axb5 26. gxf6 exf6 27. Qf4 Qb6 28. Rh5 bxa4 29. Rb5 1-0

[Event "*** SCC Grand Prix: Titled Tuesday Blitz"]
[Site "Chess.com"]
[Date "2020.10.13"]
[Round "3"]
[White "sergeikim"]
[Black "janumber1"]
[Result "1-0"]
[WhiteElo "2505"]
[BlackElo "2175"]
[TimeControl "180+1"]
[EndTime "10:28:40 PDT"]
[Termination "sergeikim won by resignation"]

1. d4 Nf6 2. c4 c5 3. d5 e6 4. Nc3 exd5 5. cxd5 d6 6. e4 g6 7. Nge2 Bg7 8. Ng3 Na6 9. Be2 Nc7 10. O-O a6 11. a4 Rb8 12. Bf4 h5 13. e5 dxe5 14.
Bxe5 O-O 15. Bf3 Bg4 16. Bxg4 Nxg4 17. Bxg7 Kxg7 18. h3 Nf6 19. d6 Ne6 20. Re1 Nd4 21. Nge4 b6 22. b4 Ne6 23. bxc5 bxc5 24. Qd3 Rb6 25. a5 Rb4 26. Qxa6 Nxe4 27. Nxe4 Rd4 28. Qb7 Kg8 29. a6 f5 30. a7 fxe4 31. a8=Q Qf6 32. Qxf8+ Nxf8 33. Ra8 Qxd6 34. Ra7 Qd7 35. Qb8 Qd8 36.
Qe5 Rd7 37. Qxc5 Rxa7 38. Qxa7 Qd4 39. Qxd4 1-0

[Event "*** SCC Grand Prix: Titled Tuesday Blitz"]
[Site "Chess.com"]
[Date "2020.10.13"]
[Round "3"]
[White "Steven_Rojas"]
[Black "Witik"]
[Result "1-0"]
[WhiteElo "2466"]
[BlackElo "2733"]
[TimeControl "180+1"]
[EndTime "10:28:41 PDT"]
[Termination "Steven_Rojas won by resignation"]

1. c4 e5 2. Nc3 Bb4 3. Nd5 a5 4. a3 Be7 5. d4 exd4 6. Qxd4 Nf6 7. Nxe7 Qxe7 8. Bg5 Nc6 9. Qc3 Ne5 10. Nf3 d6 11.
Nxe5 dxe5 12. g3 h6 13. Bxf6 Qxf6 14. Bg2 O-O 15. O-O c6 16. Rad1 Bg4 17. Rd2 Rfd8 18. Qe3 Rxd2 19. Qxd2 Rd8 20. Qxa5 Bxe2 21. Re1 Bxc4 22.
Qc7 Rd2 23. f4 exf4 24. Re8+ Kh7 25. Be4+ g6 26. Qxf4 Qd4+ 27. Kh1 Rf2 28. Bxg6+ Kxg6 29. Qxd4 Bd5+ 30. Kg1 Rg2+ 31. Kf1 f6 32. Qxd5 1-0

[Event "*** SCC Grand Prix: Titled Tuesday Blitz"]
[Site "Chess.com"]
[Date "2020.10.13"]
[Round "3"]
[White "Chesswizard_2007"]
[Black "SHIVACalypso"]
[Result "1-0"]
[WhiteElo "2569"]
[BlackElo "2366"]
[TimeControl "180+1"]
[EndTime "10:28:41 PDT"]
[Termination "Chesswizard_2007 won by resignation"]

1. Na3 Na6 2. Nh3 Nh6 3. f3 d6 4. Nf2 g6 5. c3 e5 6. Nc2 Bg7 7. b4 c6 8. a4 Nc7 9. d3 O-O 10. e4 f5 11. Be2 f4 12. g4 d5 13. h4 Be6 14. Kf1 dxe4 15. dxe4 Qxd1+ 16. Nxd1 Rfd8 17. Kf2 Rd7 18. Nb2 Rad8 19. Rd1 Rxd1 20. Bxd1 Bb3 21.
Ke1 Nf7 22. Ne3 Bxd1 23. Nexd1 h6 24. Ke2 Bf6 25. h5 gxh5 26. gxh5 Ng5 27. Nf2 Nce6 28. Ng4 Bg7 29. Bd2 c5 30. b5 Nf8 31. Nc4 Nd7 32. Be1 Nf6 33. Nxf6+ Bxf6 34. Bf2 b6 35.
Bh4 Nxe4 36. fxe4 Bxh4 37. Nxe5 Bf6 38. Rg1+ Kf8 39. Ng6+ Kf7 40. Nxf4 Bxc3 41. Nd5 Bf6 42. Rg6 Bg5 43. Kd3 Re8 44. Rc6 Kg8 45. Rc7 Rf8 46.
e5 Rf3+ 47. Ke4 Rf1 48. e6 Re1+ 49. Kf5 Re2 50. Rc8+ Kg7 51. Rc7+ Kg8 52. Nf6+ Bxf6 53. Kxf6 Rf2+ 54. Kg6 Rg2+ 55. Kf6 Rf2+ 56. Ke7 Kg7 57.
Rxa7 Re2 58. Rb7 c4 59. Rxb6 c3 60. Rc6 c2 61. b6 1-0

[Event "*** SCC Grand Prix: Titled Tuesday Blitz"]
[Site "Chess.com"]
[Date "2020.10.13"]
[Round "3"]
[White "nitpicker"]
[Black "C_K_G"]
[Result "1-0"]
[WhiteElo "2280"]
[BlackElo "2020"]
[TimeControl "180+1"]
[EndTime "10:28:41 PDT"]
[Termination "nitpicker won on time"]

1. d4 d5 2. c4 e6 3. Nf3 Nf6 4. g3 c6 5. Qc2 Nbd7 6. Bg2 Bd6 7.
Nbd2 O-O 8. O-O Re8 9. Rd1 b6 10.
e4 dxe4 11. Ng5 Bb7 12. Ndxe4 Nxe4 13. Bxe4 h6 14. Nf3 Qc7 15. b3 f5 16. Bd3 c5 17.
d5 exd5 18. Bxf5 Ne5 19. Nh4 g5 20. Ng2 Nf3+ 21. Kh1 d4 22. h4 Qe7 23. Bg4 gxh4 24. Qg6+ Kh8 25. Qxh6+ Qh7 26. gxh4 Qxh6 27. Bxh6 Nxh4 28.
f3 Nxf3 29. Bxf3 1-0

[Event "*** SCC Grand Prix: Titled Tuesday Blitz"]
[Site "Chess.com"]
[Date "2020.10.13"]
[Round "3"]
[White "Alexsur1981"]
[Black "GameOverBro"]
[Result "1-0"]
[WhiteElo "2775"]
[BlackElo "2532"]
[TimeControl "180+1"]
[EndTime "10:28:44 PDT"]
[Termination "Alexsur1981 won by resignation"]

1. e4 d6 2. d4 Nf6 3. f3 e5 4.
d5 c6 5. c4 h5 6. Nc3 Be7 7.
Be3 Nbd7 8. Qd2 a5 9. Bd3 a4 10. Nge2 Qa5 11. O-O Bd8 12. Kh1 Bb6 13. Bg5 cxd5 14.
cxd5 Bc5 15. a3 h4 16. Bb5 Nh5 17. Be3 Qa7 18. Bxc5 Qxc5 19. Qe1 Ra5 20. Bxa4 Qe3 21. Bxd7+ Bxd7 22. Qxh4 Rh6 23. Qf2 Qd2 24. b4 Ra8 25.
Ra2 Qd3 26. Rd1 Qc4 27. Rc1 Rc8 28. Kg1 Qb3 29. Rb1 Qc4 30. Qe1 Rg6 31. Rc1 Qd3 32.
Kh1 Ke7 33. a4 Rh8 34. Qd2 Qa6 35. Qe3 f5 36. exf5 Bxf5 37. Ne4 Bxe4 38. fxe4 Nf6 39. Rc7+ Kd8 40. Rac2 Rgh6 41. Rc8+ Ke7 42. Rxh8 Nd7 43. Rxh6 Qxe2 44. Rxe2 1-0

[Event "*** SCC Grand Prix: Titled Tuesday Blitz"]
[Site "Chess.com"]
[Date "2020.10.13"]
[Round "3"]
[White "alexrustemov"]
[Black "ErikRonka"]
[Result "1-0"]
[WhiteElo "2699"]
[BlackElo "2438"]
[TimeControl "180+1"]
[EndTime "10:28:44 PDT"]
[Termination "alexrustemov won by checkmate"]

1. d4 d5 2. c4 c6 3. Nc3 Nf6 4. e3 e6 5. Nf3 Nbd7 6. Qc2 Bd6 7. Bd2 O-O 8. O-O-O b5 9. e4 dxe4 10. Nxe4 Nxe4 11. Qxe4 bxc4 12. Bxc4 Nb6 13. Bd3 f5 14. Qh4 Qxh4 15. Nxh4 c5 16. dxc5 Bxc5 17. f4 Bb7 18. Nf3 Rac8 19. Kb1 Rfd8 20. Bc2 Bxf3 21. gxf3 Nd5 22.
Bb3 Kf7 23. Rhe1 Rd6 24. Rc1 Rdc6 25. Bxd5 exd5 26. Re5 Bd6 27. Rxc6 Rxc6 28. Rxd5 Ke6 29. Rd3 Rc4 30. b3 Rc6 31. h3 h6 32. a4 Bc7 33. b4 Rd6 34. Kc2 Rxd3 35. Kxd3 Kd5 36.
b5 Bb6 37. Bc3 g6 38. Bg7 h5 39. Be5 Ba5 40. Bd4 Bb6 41. Bxb6 axb6 42. Kc3 Kc5 43. Kb3 Kd5 44. Kb4 Kd6 45. a5 bxa5+ 46. Kxa5 Kc7 47. b6+ Kb7 48. Kb5 Kb8 49. Kc6 Kc8 50. h4 Kb8 51. b7 g5 52. fxg5 f4 53. g6 Ka7 54. g7 Kb8 55. g8=Q+ Ka7 56. Qa8# 1-0

[Event "*** SCC Grand Prix: Titled Tuesday Blitz"]
[Site "Chess.com"]
[Date "2020.10.13"]
[Round "3"]
[White "ChelsieMonica"]
[Black "romulocardoso"]
[Result "0-1"]
[WhiteElo "2367"]
[BlackElo "2087"]
[TimeControl "180+1"]
[EndTime "10:28:44 PDT"]
[Termination "romulocardoso won by resignation"]

1. c4 Nf6 2. Nc3 e6 3. Nf3 d5 4. e3 b6 5. d4 Bb7 6. Be2 Bb4 7. O-O O-O 8. Ne5 Nbd7 9. f4 Rc8 10. Bd2 c5 11. a3 Bxc3 12. Bxc3 Ne4 13. cxd5 exd5 14. Bg4 f5 15. Bf3 cxd4 16. Qxd4 Nxc3 17. bxc3 Nf6 18. Rad1 Ne4 19. Bxe4 fxe4 20. c4 Rc5 21. cxd5 Rxd5 22.
Qc4 Kh8 23. Rd4 Rxd4 24. Qxd4 Qxd4 25. exd4 Kg8 26. g3 Rd8 27. Rd1 Kf8 28. Kf2 Ke7 29.
Ke3 Ke6 30. Rc1 Re8 31. Rc7 Re7 32. Rxe7+ Kxe7 33. Nc4 Ke6 34. Nd2 Kf5 35. h3 h5 36.
Nb1 g5 37. Nc3 gxf4+ 38. gxf4 h4 39. Nb5 Ke6 40. Nxa7 Kd5 41. Nb5 Bc8 42. Nc3+ Kc4 43. Nxe4 Bxh3 44. f5 Kd5 45. Nc3+ Kd6 46. Kf4 Bxf5 47.
Kxf5 h3 48. Ne2 h2 49. Ng3 Kd5 50. Kf6 Kxd4 51. Ke6 Kc3 52. Kd5 Kb3 53. Kc6 Kxa3 54. Kxb6 Kb3 55. Kc5 Kc3 56. Kd5 Kd3 57. Ke5 Ke3 58. Kf5 Kf3 59. Nh1 Kg2 60. Kf4 Kxh1 61. Kg3 Kg1 0-1

[Event "*** SCC Grand Prix: Titled Tuesday Blitz"]
[Site "Chess.com"]
[Date "2020.10.13"]
[Round "3"]
[White "Ermito2020"]
[Black "vladislavkovalev"]
[Result "1-0"]
[WhiteElo "2666"]
[BlackElo "2853"]
[TimeControl "180+1"]
[EndTime "10:28:45 PDT"]
[Termination "Ermito2020 won by checkmate"]

1. e4 e5 2. Nf3 Nc6 3. d4 exd4 4. Bc4 Bc5 5. c3 Nf6 6. e5 d5 7. Bb5 Ne4 8. cxd4 Bb6 9. Nc3 O-O 10. Be3 Bg4 11.
h3 Bh5 12. Qb3 Bxf3 13. gxf3 Ng5 14. Bxc6 bxc6 15. Ke2 Ne6 16. Rad1 f6 17. f4 fxe5 18. fxe5 Qh4 19. Qa4 Qh5+ 20. Kd2 Nxd4 21. Bxd4 Rf4 22.
Ne2 Re4 23. Rhe1 Qh6+ 24. Kc2 Qg6 25. Kc1 c5 26. Qd7 Kh8 27. Qxd5 Re8 28. Bc3 c6 29. Qd3 c4 30. Qc2 Bxf2 31. Rf1 Be3+ 32. Kb1 h6 33. Ng3 Qxg3 34. Qxe4 Bg5 35. e6 Qxh3 36. Rf7 Rxe6 37. Rf8# 1-0

[Event "*** SCC Grand Prix: Titled Tuesday Blitz"]
[Site "Chess.com"]
[Date "2020.10.13"]
[Round "3"]
[White "Jungle_Jaguar"]
[Black "TrimitziosP7"]
[Result "0-1"]
[WhiteElo "2626"]
[BlackElo "2829"]
[TimeControl "180+1"]
[EndTime "10:28:45 PDT"]
[Termination "TrimitziosP7 won by resignation"]

1. e4 c6 2. d4 d5 3. e5 Bf5 4. h4 h5 5. c4 e6 6. Nc3 Ne7 7. Bg5 Qb6 8. Na4 Qc7 9. Ne2 dxc4 10. Ng3 Bg6 11. Nc3 b5 12. a4 Nd5 13. axb5 Nxc3 14.
bxc3 cxb5 15. Be2 Nd7 16. O-O Nb6 17. f4 Be7 18. Bf3 Rd8 19. Be4 Bxe4 20. Nxe4 Nd5 21. Qb1 Qb6 22. Kh2 g6 23. Rf3 a6 24. Ra2 Kd7 25.
Bxe7 Kxe7 26. Nd6 Rxd6 27. exd6+ Qxd6 28. Re2 Nxf4 29. Re5 Nd3 30. Rxd3 cxd3 31. g3 Rd8 32. Re3 d2 33. Qd3 b4 34. Qxd2 bxc3 35. Qxc3 Qxd4 36.
Qc7+ Rd7 37. Qc8 Qxe3 38. Qc5+ Qxc5 0-1

[Event "*** SCC Grand Prix: Titled Tuesday Blitz"]
[Site "Chess.com"]
[Date "2020.10.13"]
[Round "3"]
[White "youngKID"]
[Black "TheMagnet"]
[Result "1-0"]
[WhiteElo "2817"]
[BlackElo "2606"]
[TimeControl "180+1"]
[EndTime "10:28:45 PDT"]
[Termination "youngKID won by resignation"]

1. Nf3 Nf6 2. d4 g6 3. Bg5 Bg7 4. Nbd2 O-O 5. e3 d6 6. Bd3 c5 7. O-O Nbd7 8. c3 b6 9. Re1 Bb7 10. e4 h6 11. Be3 e5 12. h3 exd4 13. cxd4 Re8 14. d5 a6 15. a4 Qc7 16. Qc2 Rab8 17. b4 Bxd5 18. exd5 Nxd5 19. Rab1 Nxe3 20. fxe3 Nf6 21.
e4 Qd7 22. Bxa6 Qe7 23. Bc4 Nh5 24. e5 dxe5 25. Qxg6 Nf4 26. Qe4 cxb4 27. Rxb4 Qc5+ 28. Kh1 Qf2 29. Rg1 Rbd8 30. Rb2 Re7 31. Rc2 Bf6 32. Qf5 Kg7 33. Ne4 Qxc2 34. Qxf6+ Kg8 35. Qxe7 Rf8 36. Nf6+ Kg7 37. Qxe5 1-0

[Event "*** SCC Grand Prix: Titled Tuesday Blitz"]
[Site "Chess.com"]
[Date "2020.10.13"]
[Round "3"]
[White "juancruzarias"]
[Black "German_Bazeev"]
[Result "1-0"]
[WhiteElo "2528"]
[BlackElo "2704"]
[TimeControl "180+1"]
[EndTime "10:28:45 PDT"]
[Termination "juancruzarias won by resignation"]

1. e4 c6 2. Nc3 d5 3. Nf3 dxe4 4. Nxe4 Bg4 5. h3 Bh5 6. Ng3 Bg6 7. h4 h6 8. Ne5 Bh7 9. Qh5 g6 10. Qf3 Nf6 11. Bc4 e6 12. O-O Bg7 13. Qb3 Nbd7 14. d4 Nxe5 15. dxe5 Nd7 16. Re1 Qxh4 17. Qxb7 O-O 18.
Bxe6 Nxe5 19. Bb3 c5 20. Be3 c4 21. Ba4 Ng4 22. Bc5 Qh2+ 23. Kf1 Rfb8 24. Qe4 Nf6 25. Qf3 h5 26. Bc6 Rc8 27. Bxa8 Rxc5 28. Rad1 Rc8 29. Bb7 Rf8 30. Rd6 Ng4 31. Rd7 Ne5 32.
Rxe5 Bxe5 33. Bd5 Bxg3 34. Rxf7 Qh1+ 35. Ke2 Bf4 36. Qxf4 1-0

[Event "*** SCC Grand Prix: Titled Tuesday Blitz"]
[Site "Chess.com"]
[Date "2020.10.13"]
[Round "3"]
[White "Fy_Rakotomaharo"]
[Black "banane_verte"]
[Result "1-0"]
[WhiteElo "2653"]
[BlackElo "2430"]
[TimeControl "180+1"]
[EndTime "10:28:45 PDT"]
[Termination "Fy_Rakotomaharo won by checkmate"]

1. e4 e6 2. d4 d5 3. Nc3 dxe4 4.
Nxe4 Nd7 5. Nf3 Ngf6 6. Bg5 Be7 7. Nxf6+ Bxf6 8. h4 c5 9. dxc5 Qa5+ 10. c3 Qxc5 11. Bd3 O-O 12. Qc2 h6 13. O-O-O b5 14.
Bh7+ Kh8 15. Be4 Rb8 16. Bf4 Rb6 17. Be3 Qc7 18. Bxb6 Qxb6 19. Rd2 Nc5 20. Rhd1 b4 21. Rd6 Qa5 22. cxb4 Qxa2 23. bxc5 e5 24. Bd5 Qa1+ 25. Qb1 Qa5 26. b4 Qa3+ 27. Qb2 Qa4 28. Bc6 Qa6 29.
Bd7 Qc4+ 30. Kb1 Bb7 31. c6 Ba6 32. c7 e4 33. Rxf6 gxf6 34. Nd4 Qxc7 35. Nc6 Bd3+ 36. Rxd3 exd3 37. Qxf6+ Kg8 38. Ne7+ Kh7 39. Bf5# 1-0

[Event "*** SCC Grand Prix: Titled Tuesday Blitz"]
[Site "Chess.com"]
[Date "2020.10.13"]
[Round "3"]
[White "tptagain"]
[Black "esapunov"]
[Result "1-0"]
[WhiteElo "2872"]
[BlackElo "2653"]
[TimeControl "180+1"]
[EndTime "10:28:46 PDT"]
[Termination "tptagain won by resignation"]

1. e4 c5 2. Nc3 Nc6 3. Nf3 d6 4. Bb5 Bd7 5. O-O e6 6. Re1 Nge7 7. Bf1 a6 8. a4 Rc8 9. b3 Ng6 10. Bb2 Be7 11. g3 O-O 12. Bg2 Nge5 13. Nxe5 dxe5 14. d3 Qc7 15. Rf1 Bd6 16. Qd2 Nd4 17. a5 c4 18.
bxc4 Bb4 19. Qd1 Bxa5 20. Ne2 Nxe2+ 21. Qxe2 Bb4 22. f4 Bc5+ 23. Kh1 Bd4 24. Bxd4 exd4 25.
e5 Bc6 26. Rfb1 Rfd8 27. Bxc6 Qxc6+ 28. Qg2 b5 29. Rb4 bxc4 30. Qxc6 Rxc6 31. dxc4 h5 32. Kg2 Rdc8 33. Raa4 a5 34. Rxa5 Rxc4 35. Rxc4 Rxc4 36. Ra2 Kh7 37. Kf3 Kg6 38. Ke4 Rb4 39. Kd3 f6 40.
exf6 gxf6 41. Ra5 Rb1 42. Kxd4 Rh1 43. h4 Rg1 44. f5+ exf5 45. Ra3 f4 46. gxf4 Kf5 47. c4 Rd1+ 48. Rd3 Rc1 49. Rc3 Rd1+ 50. Ke3 Rh1 51.
c5 Re1+ 52. Kf2 Ra1 53. c6 Kg4 54. c7 Ra2+ 55. Ke3 1-0